 Dungeon Crawl Stone Soup version 0.28-a0-1594-ga885d4b3d6 (webtiles) character file.

Game seed: 4611143311907586584

85 croobank the Sneak (level 4, -2/27 HPs)
             Began as an Octopode Fire Elementalist on Jan 21, 2022.
             Slain by an orc (4 damage)
             ... on level 2 of the Dungeon.
             The game lasted 00:08:22 (2718 turns).

croobank the Sneak (Octopode Fire Elementalist)     Turns: 2718, Time: 00:08:23

Health: -2/27      AC:  1    Str:  7    XL:     4   Next: 48%
Magic:  4/7        EV: 13    Int: 19    God:
Gold:   110        SH:  0    Dex: 12    Spells: 3/8 levels left

rFire   . . .      SeeInvis .   b - +0 spear
rCold   . . .      Faith    .   (no shield)
rNeg    . . .      Spirit   .   (helmet restricted)
rPois   .          Reflect  .   (no amulet)
rElec   .          Harm     .   (no ring)
rCorr   .          Rampage  .   (no ring)
Will    .....                   (no ring)
Stlth   +++.......              (no ring)
HPRegen 0.09/turn               (no ring)
MPRegen 0.10/turn               (no ring)
                                (no ring)
                                (no ring)

@: hasted, very quick
A: almost no armour, amphibious, 8 rings, camouflage 1, gelatinous body 1,
(nimble swimmer 1), tentacles
a: no special abilities


You were on level 2 of the Dungeon.
You visited 1 branch of the dungeon, and saw 3 of its levels.

You collected 110 gold pieces.

Inventory:

Hand Weapons
 b - a +0 spear (weapon)
Missiles
 d - 6 poisoned darts (quivered)
 h - 41 stones
 i - 4 boomerangs
 j - 15 bolts
Jewellery
 e - a ring of wizardry
Scrolls
 a - a scroll of teleportation {unknown}
 c - a scroll of summoning {unknown}
 f - 3 scrolls of identify {unknown}


   Skills:
 + Level 2.6 Dodging
 + Level 3.7 Stealth
 + Level 2.5 Spellcasting
 + Level 2.0 Conjurations
 + Level 3.5 Fire Magic


You had 3 spell levels left.
You knew the following spells:

 Your Spells              Type           Power      Damage    Failure   Level
a - Foxfire               Conj/Fire      48%        2x1d6     5%          1
b - Scorch                Fire           30%        2d7       6%          2
c - Poisonous Vapours     Pois/Air       4%         N/A       24%         2

Your spell library contained the following spells:

 Spells                   Type           Power      Damage    Failure   Level
 Apportation              Tloc           4%         N/A       16%         1
 Sting                    Tmut/Pois      8%         1d3       16%         1
 Conjure Flame            Conj/Fire      12%        6-21      16%         3
 Inner Flame              Hex/Fire       9%         N/A       24%         3
 Flame Wave               Conj/Fire      12%        2d5       45%         4
 Olgreb's Toxic Radiance  Pois           2%         N/A       85%         4
 Alistair's Intoxication  Tmut/Pois      1%         N/A       99%         5


Dungeon Overview and Level Annotations

Branches:
Dungeon (3/15)

Altars:


Innate Abilities, Weirdness & Mutations

You cannot wear most types of armour.
You are amphibious.
You can wear up to eight rings at the same time.
Your skin changes colour to match your surroundings (Stealth+).
Your rubbery body absorbs attacks. (AC +1, EV +1)
((You are camouflaged when in or above water. (Stealth+)))
You have tentacles for arms and can constrict up to eight enemies at once.


Message History

A dart slug comes into view.
It was a potion of heal wounds.
You feel much better.
You're too confused to cast spells.
The dart slug launches a dart at you. The slug dart hits you.
The orc barely misses you. The endoplasm freezes you.
You are frozen.
There is a stone staircase leading up here.
The orc closely misses you. The orc wizard casts a spell at you.
You are more confused.
The endoplasm freezes you.
You are frozen.
In your confused state, you trip and fall back down the stairs.
The orc wizard hits you with a +0 dagger.
The endoplasm closely misses you.
You're too confused to cast spells.
The orc wizard misses you. The orc hits you with a +0 dagger.
The endoplasm closely misses you.
Your magical contamination has completely faded away.
You climb upwards.
There is a stone staircase leading down here.
It was a potion of haste.
You feel yourself speed up.
The orc wizard hits you with a +0 dagger.
The orc hits you with a +0 dagger. The endoplasm hits you.
* * * LOW HITPOINT WARNING * * *
You're too confused to cast spells.
You bump into the rock wall.
You bump into the rock wall.
The orc wizard hits you with a +0 dagger.
* * * LOW HITPOINT WARNING * * *
The orc closely misses you.
The endoplasm hits you but does no damage.
You are too confused!
You bump into the rock wall.
You feel less confused.
The orc wizard hits you with a +0 dagger.
* * * LOW HITPOINT WARNING * * *
The orc hits you with a +0 dagger.
You die...

###.###.#.....##.#.#####.###.#...
#.......###.##.#.#.........#.#.
#####...............######.#.#.
#........................#.
#####...###.##.###.#######.####
#...........##.# #.# ###.)...
#.###...######.# #.# #....... #.#
#...######J###.#####.......
###.###...##...o@o...............
..........###.######.#####.......
...#####..###.# #.#####.......
...# #......# #..).##.......
...#####.######## ####.##.......
..........#.....#######.##.......
........................#######..
..........#...#.#.####### #..
..........###.#.#.# ### #..


You could see an orc wizard, an orc and an endoplasm.

Vanquished Creatures
  3 gnolls (D:2)
  2 adders (D:2)
  2 worms (D:2)
  A dart slug (D:2)
  An orc (D:3)
  2 ball pythons (D:1)
  3 endoplasms
  2 giant cockroaches
  5 goblins (D:2)
  2 hobgoblins
  2 bats (D:2)
  3 kobolds (D:2)
  2 rats (D:2)
30 creatures vanquished.

Vanquished Creatures (others)
  22 foxfires
22 creatures vanquished.

Grand Total: 52 creatures vanquished

Notes
Turn   | Place    | Note
-------+----------+-------------------------------------------
     0 | D:1      | croobank the Octopode Fire Elementalist began the quest for
                  | the Orb.
     0 | D:1      | Reached XP level 1. HP: 11/11 MP: 3/3
   592 | D:1      | Reached XP level 2. HP: 17/17 MP: 1/5
   676 | D:1      | Learned a level 2 spell: Scorch
   679 | D:1      | Learned a level 2 spell: Poisonous Vapours
  1259 | D:2      | Reached XP level 3. HP: 3/21 MP: 4/6
  1789 | D:2      | Reached XP level 4. HP: 27/27 MP: 0/7
  2718 | D:2      | Slain by an orc

Illustrated notes

Levels and vault maps discovered:
D:1:      dpeg_arrival_long_road, layout_loops_ring, minmay_misc_feat_square,
          minmay_pentomino_u2
D:2:      layout_basic, kennysheep_nub
D:3:      layout_rooms, mainiacjoe_overflow_paths, uniq_jessica, uniq_natasha,
          uniq_ijyb

Skill      XL: |  1  2  3  4 |
---------------+-------------+-----
Stealth        | 3 |  3.7
Conjurations   | 2 |  2.0
Dodging        | |  2.6
Spellcasting   | |  2.5
Fire Magic     | |  3.5

Action                   |  1- 3 |  4- 6 || total
-------------------------+-------+-------++-------
Melee: Spear             |    17 |     1 ||    18
       Tentacles         |     8 |       ||     8
       Constrict         |     4 |     1 ||     5
Throw: Dart              |     3 |       ||     3
 Cast: Foxfire           |    10 |     3 ||    13
       Scorch            |    11 |    13 ||    24
       Poisonous Vapours |     3 |       ||     3
  Use: Potion            |     1 |     2 ||     3
Armor: Skin              |     3 |     1 ||     4
Dodge: Dodged            |    20 |     8 ||    28

Table legend: (Time is in decaauts)
 A = Elapsed time spent in this place.
 B = Non-inter-level travel time spent in this place.
 C = Inter-level travel time spent in this place.
 D = Time resting spent in this place.
 E = Time spent auto-exploring this place.
 F = Levels seen in this place.
 G = Mean time per level.
                   A        B        C        D        E       F      G
               +--------+--------+--------+--------+--------+-----+--------+
         Total |   2718 |   2658 |     60 |    252 |   2069 |   3 |  906.0 |
       Dungeon |   2718 |   2658 |     60 |    252 |   2069 |   3 |  906.0 |
               +--------+--------+--------+--------+--------+-----+--------+

Top non-repeatable levels by time:
     D:2: 1653 daAuts
     D:1: 1056 daAuts
     D:3: 8 daAuts
